 Dungeon Sprint DCSS version 0.31-a0-746-ge8284cb111 (webtiles) character file.

Game seed: 15466590114203918064

8 Revguard the Ruffian (level 2, -1/46 HPs)
             Began as a Troll Shapeshifter on Sept 14, 2023.
             Was an Initiate of Jiyva.
             Slain by a quasit (2 damage)
             ... in the Dungeon (Sprint V: "Ziggurat Sprint").
             The game lasted 00:02:03 (67 turns).

Revguard the Ruffian (Troll Shapeshifter)             Turns: 67, Time: 00:02:04

Health: -1/46      AC: 20    Str: 27      XL:     2   Next: 0%
Magic:  1/1        EV:  3    Int:  6      God:    Jiyva [......]
Gold:   0          SH:  0    Dex: 14 (15) Spells: 1/1 levels left

rFire   + .          .
                       - Unarmed
rCold   + . .        (no shield)
rNeg    . . .        F - +5 gold dragon scales
rPois   +            (helmet currently unavailable)
rElec   .            (cloak currently unavailable)
rCorr   .            (gloves unavailable)
SInv    .            (boots unavailable)
Will    .....        (no amulet) Stlth
                     v - +6 ring of dexterity
HPRegen 1.07/turn    z - +6 ring of strength
MPRegen 0.07/turn

%: no teleportation
@: berserking, beast-form, very quick
A: beast (slay +2), large, unfitting armour, claws 3, regeneration 1, shaggy fur
1, tough skin 1
a: Begin Untransformation, Renounce Religion


You were in the Dungeon.
You worshipped Jiyva.
Jiyva was noncommittal.
You were a hulking beast.
You visited 1 branch

Inventory:

Armour
 a - a +0 animal skin
 F - +5 gold dragon scales (worn)
Jewellery
 t - a ring of flight
 u - a +6 ring of dexterity
 v - a +6 ring of dexterity (left claw)
 w - a +6 ring of intelligence
 x - a +6 ring of intelligence
 y - a +6 ring of strength
 z - a +6 ring of strength (right claw)
Talismans
 c - a beast talisman (active)
 d - a flux talisman
 C - a blade talisman
 D - a maw talisman
 E - a serpent talisman
Wands
 A - a wand of mindburst (7)
 B - a wand of acid (4)
Scrolls
 j - 4 scrolls of blinking
 p - 4 scrolls of amnesia
 q - 7 scrolls of fog
 r - 5 scrolls of identify
 s - 2 scrolls of fear
Potions
 b - a potion of lignification
 e - 10 potions of curing
 f - 9 potions of heal wounds
 g - 6 potions of haste
 h - 7 potions of magic
 i - 2 potions of berserk rage
 k - 2 potions of brilliance
 l - 2 potions of invisibility
 m - 4 potions of resistance
 o - 5 potions of might


   Skills:
 + Level 3.5 Fighting
 + Level 2.2 Armour
 + Level 2.9 Dodging
 + Level 4.2 Unarmed Combat
 + Level 4.0 Shapeshifting


You had one spell level left.
You didn't know any spells.
Your spell library was empty.

Dungeon Overview and Level Annotations

Branches:
Dungeon (1/1)

Altars:
Ashenzari
Cheibriados
Dithmenos
Elyvilon
Fedhas
Gozag
Hepliaklqana
Kikubaaqudgha
Makhleb
Nemelex Xobeh
Okawaru
Qazlal
Ru
Sif Muna
Trog
Uskayaw
Vehumet
Wu Jian
Xom
Yredelemnul
Zin
The Shining One
Jiyva
Lugonu

Annotations:
D 1 transporter


Innate Abilities, Weirdness & Mutations

You are a hulking beast.
Your limbs bulge with bestial killing power. (Slay +2)
You are too large for most types of armour.
You have claws for hands.
Your natural rate of healing is unusually fast.
You are covered in fur. (AC +1)
You have tough skin. (AC +1)


Message History

Aim: a sun demon (moderately wounded, covered in acid, chance to affect: 16%)
Okay, then.
Aiming: Corrosive Bolt
Press: ? - help, Shift-Dir - straight line, f/p - sun demon
Aim: a sun demon (moderately wounded, covered in acid, 64% to hit)
The bolt of acid misses the sun demon.
The quasit barely misses you.
The quasit claws you but does no damage. x2
The sun demon hits you!
You are engulfed in flames.
You resist.
You feel much better. The quasit barely misses you.
The quasit claws you but does no damage. x2
The sun demon hits you.
You are engulfed in flames.
You resist.
A red film seems to cover your vision as you go berserk!
You feel yourself moving faster!
You feel mighty! The quasit bites you. The quasit barely misses you.
The quasit claws you but does no damage.
The sun demon hits you!
You are engulfed in flames!
You resist.
You mangle the sun demon!!
The sun demon is severely wounded.
The quasit bites you but does no damage.
The quasit completely misses you.
The quasit claws you but does no damage.
The sun demon hits you!
* * * LOW HITPOINT WARNING * * *
You are engulfed in flames.
You resist.
* * * LOW HITPOINT WARNING * * *
You claw the sun demon!
The sun demon is almost dead.
The quasit bites you but does no damage.
The quasit claws you.
* * * LOW HITPOINT WARNING * * *
You feel clumsy.
The quasit claws you but does no damage.
The sun demon hits you but does no damage.
You closely miss the sun demon.
The sun demon is almost dead.
The quasit bites you.
* * * LOW HITPOINT WARNING * * *
The quasit claws you but does no damage.
The quasit claws you.
You die...

▓▓▓▓▓▓▓
▓.8©8.▓
▓.....▓
▓.|.".▓
▓.....▓
▓.53..▓
▓..h..▓
▓▓▓▓▓▓▓


You could see a sun demon (corroded) and a quasit.

Vanquished Creatures (others)
  An ironbound preserver (D)
  An ironbound convoker (D)
2 creatures vanquished.

Notes
Turn   | Place    | Note
-------+----------+-------------------------------------------
     0 | D        | Revguard the Troll Shapeshifter began the quest for the
                  | Orb.
     0 | D        | Reached XP level 1. HP: 18/18 MP: 0/0
     0 | D        | Found a shimmering blue altar of Sif Muna.
     0 | D        | Found a bloodstained altar of Trog.
     0 | D        | Found a sacrificial altar of Ru.
     0 | D        | Found a stormy altar of Qazlal.
     0 | D        | Found an iron altar of Okawaru.
     1 | D        | Found a sparkling altar of Nemelex Xobeh.
     1 | D        | Found a blossoming altar of Fedhas.
     1 | D        | Found the +6 Majin-Bo {spellvamp, MP+6 Int+6}
     1 | D        | Found the +27 heavy crossbow "Sniper" {heavy, Acc+∞ SInv}
     1 | D        | Found the +10 dark maul {heavy}
     1 | D        | Found the +15 Maxwell's patent armour {-Cast -Tele rElec
                  | Will+ rCorr}
     1 | D        | Found the +18 shield of the Gong {Loud rN+ Will+ rCorr
                  | EV-5}
     1 | D        | Found the +16 obsidian axe {drain, demonic, Mesm Drain Fly
                  | SInv}
     1 | D        | Found the +7 great mace "Firestarter" {flame, immolate,
                  | rFlCloud rF++}
     1 | D        | Found the +6 shillelagh "Devastator" {shatter}
     1 | D        | Found the +11 plutonium sword {Contam Stlth-}
     1 | D        | Found the +8 lance "Wyrmbane" {slay drac, rPois rF+ rC+
                  | AC+3}
     1 | D        | Found the +9 sword of Zonguldrok {reap}
     1 | D        | Found the +13 scythe of Curses {drain, curses, Drain}
     1 | D        | Found the +9 sword of Power {lifebolt}
     1 | D        | Found the +7 mace of Variability {chaos, chaos arc}
     1 | D        | Found the +11 Singing Sword {sonic wave}
     1 | D        | Found the +8 storm bow {elec, penet}
     3 | D        | Found a transporter.
     3 | D        | Found an ancient bone altar of Kikubaaqudgha.
     3 | D        | Found a viscous altar of Jiyva.
     3 | D        | Found a corrupted altar of Lugonu.
     3 | D        | Found a hazy altar of Hepliaklqana.
     3 | D        | Found a burning altar of Makhleb.
     3 | D        | Found an opulent altar of Gozag.
    45 | D        | Reached XP level 2. HP: 31/31 MP: 1/1
    56 | D        | Became a worshipper of Jiyva Jiumen the Shapeless
    59 | D        | Entered arena 2.
    59 | D        | Noticed a sun demon
    59 | D        | Killed an ironbound convoker
    59 | D        | Found a transporter.
    62 | D        | Killed an ironbound preserver
    65 | D        | HP: 1/46 [sun demon (6)]
    67 | D        | Slain by a quasit

Illustrated notes

Levels and vault maps discovered:
D:        sprint_v [room_start, room_1, room_2, room_3, room_4, room_5, room_6,
          room_7, room_8, room_9, room_10, room_11, room_12, room_13, room_14,
          room_15, room_16, room_17, room_18, room_19, room_20, room_21,
          room_22, room_23, room_24, room_25, room_26, room_27]

Skill      XL: |  1 |
---------------+----+-----
Fighting       | 3 |  3.5
Armour         | 2 |  2.2
Dodging        | 2 |  2.9
Unarmed Combat | 4 |  4.2
Shapeshifting  | 4 |  4.0

Action                     || total
---------------------------++-------
  Melee: Unarmed           ||     3
  Evoke: Wand              ||     3
    Use: Potion            ||     3
 Armour: Gold dragon scale ||    27
  Dodge: Dodged            ||     4

Table legend: (Time is in decaauts)
 A = Elapsed time spent in this place.
 B = Non-inter-level travel time spent in this place.
 C = Inter-level travel time spent in this place.
 D = Time resting spent in this place.
 E = Time spent auto-exploring this place.
 F = Levels seen in this place.
 G = Mean time per level.
                   A        B        C        D        E       F      G
               +--------+--------+--------+--------+--------+-----+--------+
         Total |     65 |     65 |      0 |      0 |      0 |   1 |   65.0 |
       Dungeon |     65 |     65 |      0 |      0 |      0 |   1 |   65.0 |
               +--------+--------+--------+--------+--------+-----+--------+

Top non-repeatable levels by time:
       D: 65 daAuts
